 Dungeon Crawl Stone Soup version 0.27.0-1-g7a089689b8 (webtiles) character file.

Game seed: 11847343746232225699

64 inmateoo the Skirmisher (level 3, -1/24 HPs)
             Began as a Deep Elf Fighter on Aug 13, 2021.
             Slain by Natasha (7 damage)
             ... on level 2 of the Dungeon.
             The game lasted 00:01:52 (2076 turns).

inmateoo the Skirmisher (Deep Elf Fighter)          Turns: 2076, Time: 00:01:53

Health: -1/24      AC:  8    Str: 14    XL:     3   Next: 91%
Magic:  5/5        EV:  6    Int: 12    God:
Gold:   50         SH:  8    Dex: 14    Spells: 2/2 levels left

rFire    . . .     SeeInvis .   a - +0 long sword
rCold    . . .     Faith    .   c - +0 kite shield
rNeg     . . .     Spirit   .   b - +0 scale mail
rPois    .         Reflect  .   h - +0 helmet
rElec    .         Harm     .   i - +0 cloak
rCorr    .         Rampage  .   (no gloves)
Will     .....                  (no boots)
Stlth    ..........             (no amulet)
HPRegen  0.08/turn              (no ring)
MPRegen  0.09/turn              (no ring)

@: no status effects
A: no striking features
a: no special abilities


You were on level 2 of the Dungeon.
You visited 1 branch of the dungeon, and saw 2 of its levels.

You collected 50 gold pieces.

Inventory:

Hand Weapons
 a - a +0 long sword (weapon)
Armour
 b - a +0 scale mail (worn)
 c - a +0 kite shield (worn)
 h - a +0 helmet (worn)
 i - a +0 cloak (worn)
Scrolls
 e - a scroll of holy word {unknown}
 f - a scroll of amnesia {unknown}
 j - a scroll of blinking {unknown}
 l - a scroll of noise {unknown}
Potions
 d - a potion of might
 g - 2 potions of curing
 k - a potion of degeneration {unknown}


   Skills:
 + Level 4.0 Fighting
 - Level 1.7 Long Blades
 - Level 2.4 Armour
 - Level 2.4 Shields


You had 2 spell levels left.
You didn't know any spells.
Your spell library was empty.

Dungeon Overview and Level Annotations

Branches:
Dungeon (2/15)

Altars:

Annotations:
D:2 Natasha


Message History

You hit Natasha but do no damage.
Natasha is heavily wounded.
You block Natasha's attack.
Natasha mumbles some strange words.
You hit Natasha.
Natasha is heavily wounded.
You block Natasha's attack.
Your shield and scale mail prevent you from hitting Natasha.
Natasha is heavily wounded.
The crimson imp blinks!
You block Natasha's attack. Natasha claws you.
You miss Natasha.
Natasha is heavily wounded.
Natasha claws you.
The crimson imp blinks!
You miss Natasha.
Natasha is heavily wounded.
Natasha casts a spell at you. You resist with some effort. Natasha claws you!
You closely miss Natasha.
Natasha is heavily wounded.
You block Natasha's attack.
The crimson imp blinks!
You hit Natasha but do no damage.
Natasha is heavily wounded.
You block Natasha's attack. Natasha barely misses you.
You hit Natasha.
Natasha is heavily wounded.
Natasha claws you.
* * * LOW HITPOINT WARNING * * *
Natasha barely misses you.
You riposte.
You hit Natasha.
Natasha is almost dead.
You closely miss Natasha.
Natasha is almost dead.
You block Natasha's attack.
The crimson imp laughs crazily.
You hit Natasha but do no damage.
Natasha is almost dead.
You block Natasha's attack. x2
You closely miss Natasha.
Natasha is almost dead.
Natasha claws you!
You die...

..........# #.......#
##.#...##.# #.h.....#
#.#...##.# #.......#
#.#...##.###..5....#
#.#.<.##...#.......# #
#.#...##.#.## #ยง##.###
#.#...##.#..# ####......#
#.######.##.###.h5...##...
#.# #.##....@###### #.#
#.#####..# #.# #.# #..#
#.# #.# #### ... #.# #.##
..# #.# #..## ...##g #.#
##..## .#g.gg #.# ##..###
#.$.. #.#
##...##########$g.


You could see Natasha and a crimson imp (summoned).

Vanquished Creatures
  Robin (D:2)
  An adder (D:2)
  A worm (D:2)
  A giant cockroach (D:1)
  14 goblins
  2 hobgoblins (D:1)
  2 jackals (D:1)
  4 kobolds (D:1)
  A quokka (D:2)
  5 ball pythons (D:1)
  4 frilled lizards (D:1)
  4 rats
40 creatures vanquished.

Notes
Turn   | Place    | Note
-------+----------+-------------------------------------------
     0 | D:1      | inmateoo the Deep Elf Fighter began the quest for the Orb.
     0 | D:1      | Reached XP level 1. HP: 13/13 MP: 3/3
   434 | D:1      | Reached skill level 3 in Fighting
   434 | D:1      | Reached XP level 2. HP: 19/19 MP: 4/4
  1310 | D:2      | Noticed Robin
  1332 | D:1      | Reached XP level 3. HP: 22/23 MP: 5/5
  1500 | D:2      | Killed Robin
  1890 | D:2      | Reached skill level 4 in Fighting
  2056 | D:2      | Noticed Natasha
  2076 | D:2      | Slain by Natasha

Illustrated notes

Levels and vault maps discovered:
D:1:      ebering_hopf_link, layout_loops_corners, minivault_24
D:2:      layout_rooms, basic_ecumenical_altar, uniq_natasha, uniq_robin

Skill      XL: |  1  2  3 |
---------------+----------+-----
Fighting       | 3 4 |  4.0
Long Blades    | |  1.7
Armour         | |  2.4
Shields        | |  2.4

Action                   || total
-------------------------++-------
Melee: Long sword        ||   137
  Use: Potion            ||     1
Armor: Scale mail        ||    71
Dodge: Dodged            ||    39
Block: Kite shield       ||    71
       Rpst.: Long sword ||    14
